woodfighter, chaotic female elven Priestess --------- ---------- |.......| |...*....| |.....>.| #-........| |.......| ###|........| |.....^.| # --------|- -----|--- # ###### # # # Y # # ##` #@f ### # # # # # ### ### ---.------# # # |........-# ----------.-- |....<...| +...........| |.........# |...........| ---------- |...........| ------------- woodfighter the Adept Experience level: 6 Strength: 16 Dexterity: 12 Constitution: 14 Intelligence: 16 Wisdom: 13 Charisma: 9 Health: 0(46) Energy: 65(65) Def: 10 Gold: 537 Moves: 3681 Dungeon seed: J6qY5E8zIO_v9Z5G Game ID: woodfighter_1534397797 Your Inventory: Coins $ - 537 gold pieces Amulets K - an amulet of magical breathing (being worn) Weapons a - a blessed +1 mace (weapon in hand) Armor e - a +0 robe (being worn) n - a +0 small shield (being worn) z - a +0 dwarvish cloak L - a +0 dwarvish cloak N - a cursed -1 pair of levitation boots O - a blessed +0 orcish helm (being worn) V - a +0 dwarvish mithril-coat (being worn) Y - a cursed -1 pair of gauntlets of fumbling Comestibles c - 2 cloves of garlic d - a sprig of wolfsbane l - a eucalyptus leaf m - 3 food rations r - a lichen corpse I - a magic bean X - a lembas wafer Scrolls i - a scroll of stinking cloud k - a blessed scroll of light q - 3 scrolls of scare monster s - a scroll of gold detection t - a cursed scroll of gold detection H - a cursed scroll of remove curse P - a cursed scroll of identify S - a scroll of magic mapping Potions g - 4 potions of holy water h - a potion of water p - a potion of booze Q - a cursed potion of sickness R - a potion of gain ability Z - 3 potions of hallucination Rings T - a cursed ring of levitation Wands f - a wand of cancellation (0:1) U - a wand of cancellation (0:6) Tools b - a stethoscope j - a wooden flute y - a lock pick Spells and supernatural/magical abilities: Name Level Category Fail Memory l - light 1 divination 71% 82% n - detect monsters 1 divination 71% 82% O - create monster 2 clerical 71% 82% W - pray for help -- divine ? -- X - turn undead -- divine ? -- Your skills at the end: Miscellaneous Skills shield [Basic] wands [Basic] Weapon Skills mace [Basic] Spellcasting Skills clerical spells [Basic] Final Attributes: You were piously aligned. You were sleep resistant. You had infravision. You were stealthy. You could survive without air. You are dead. Vanquished creatures: a small mimic a leprechaun a giant spider a vampire bat a fog cloud a shrieker a gray ooze 2 giant ants 2 dwarves a kobold lord 3 iguanas 9 hill orcs a rabid rat a jitterbug 2 giant bats a monkey a wererat 2 coyotes an acid blob 2 geckos 2 hobgoblins 2 giant rats 2 cave spiders a brown mold a red mold 3 manes 2 gnome zombies 13 jackals a fox a kobold 6 newts a sewer rat 5 grid bugs 5 lichens 80 creatures vanquished. Voluntary challenges: You did not cause conflict. You did not have reflection. You had been an atheist until turn 3203. You used a wielded weapon 128 times, starting on turn 1. You did not apply a unicorn horn. You did not use plumbed fixtures. You did not drink any magical draughts. You read items or engraved 2 times, starting on turn 3308. You never genocided any monsters. You never polymorphed an object. You never changed form. You used no wishes. You never split a pudding. You never wrote Elbereth's name. You never violated your personal moral code. Dungeon overview: The Dungeons of Doom: levels 1 to 9 Level 1 (water) some fountains a long staircase Level 2 a general store, an altar to Tyr stairs to The Gnomish Mines Level 3 an armor shop Level 4 an altar to Odin Level 5 a jewelry store, some fountains Level 6 (books) a fountain Level 7 (eye) many fountains Level 8 <- You were here Level 9 The Gnomish Mines: Level 3 stairs to The Dungeons of Doom History has recorded: On T:1 you entered the Dungeons of Doom to retrieve the Amulet of Yendor! On T:12 you reached level 2 of The Dungeons of Doom. On T:38 you reached level 1 of The Gnomish Mines. On T:73 you reached level 3 of The Dungeons of Doom. On T:566 you advanced to experience level 2. On T:1146 you reached level 4 of The Dungeons of Doom. On T:1213 you advanced to experience level 3. On T:1659 you advanced to experience level 4. On T:1798 you reached level 5 of The Dungeons of Doom. On T:2093 you reached level 6 of The Dungeons of Doom. On T:2217 you advanced to experience level 5. On T:2419 you reached level 7 of The Dungeons of Doom. On T:2818 you advanced to experience level 6. On T:2925 you reached level 8 of The Dungeons of Doom. On T:3203 you prayed to Loki. On T:3455 you reached level 9 of The Dungeons of Doom. On T:3681 you prayed to Loki. Score breakdown: Gold: 537 ( 53 points) Experience: 6 levels ( 500 points) Exploration: 9 levels ( 240 points) Discoveries: 24 items ( 1200 points) Variety of kills: 34 monsters ( 1700 points) Major goal: (nothing yet) ( 0 points) Survival: died (score multiplied by 3) Total score: 11079 Latest messages: The vampire bat bites! The vampire bat misses. (2x) You hit the vampire bat! The vampire bat bites! The vampire bat misses. The vampire bat bites! (2x) You hit the vampire bat! The vampire bat bites! The vampire bat misses. You kill the vampire bat! You stop. Kitty is in the way! You stop exploring. You hit the owlbear. The owlbear punches you! The owlbear misses. You hit the owlbear! The owlbear misses. The owlbear punches you! You hit the owlbear. The owlbear punches you! The owlbear just misses! You hit the owlbear! The owlbear punches you! (2x) You begin praying to Loki. The owlbear punches you! (2x) You die... Final status: Goodbye woodfighter the Priestess, killed by an owlbear, while praying... You died in The Dungeons of Doom on dungeon level 8 with 11079 points, and 537 pieces of gold, after 3681 moves. You were level 6 with a maximum of 46 hit points when you died.